 Dungeon Crawl Stone Soup version 0.32-a0-975-g85d4e5bfdb (webtiles) character file.

Game seed: 909806638775211946

317 DrKenneth the Shield-Bearer (level 6, -2/56 HPs)
             Began as a Minotaur Fighter on Apr 19, 2024.
             Slain by Ijyb
             ... wielding a +0 club
              (3 damage)
             ... on level 3 of the Dungeon.
             The game lasted 00:04:49 (2247 turns).

DrKenneth the Shield-Bearer (Minotaur Fighter)      Turns: 2247, Time: 00:04:50

Health: -2/56      AC:  9    Str: 22    XL:     6   Next: 20%
Magic:  5/5        EV:  8    Int:  5    God:
Gold:   88         SH:  4    Dex: 10    Spells: 5/5 levels left

rFire   . . .        a - +0 war axe
rCold   . . .        c - +0 buckler
rNeg    . . .        b - +0 scale mail
rPois   .            (helmet restricted)
rElec   .            (no cloak)
rCorr   .            (no gloves)
SInv    .            e - +1 pair of boots
Will    .....        (no amulet) Stlth
                     (no ring)
HPRegen 0.29/turn    (no ring)
MPRegen 0.09/turn

%: no passive effects
@: weakened
A: horns 2, retaliatory headbutt
a: no special abilities


You were on level 3 of the Dungeon.
You visited 1 branch of the dungeon, and saw 3 of its levels.

You collected 88 gold pieces.

Inventory:

Hand Weapons
 a - a +0 war axe (weapon)
Armour
 b - a +0 scale mail (worn)
 c - a +0 buckler (worn)
 e - a +1 pair of boots (worn)
Wands
 k - a wand of flame (17)
Scrolls
 f - a scroll of vulnerability {unknown}
 g - 2 scrolls of immolation {unknown}
 h - a scroll of silence {unknown}
 i - a scroll of fear {unknown}
Potions
 d - a potion of might
 j - a potion of haste {unknown}


   Skills:
 + Level 5.2 Fighting
 + Level 4.4 Axes
 + Level 5.2 Armour
 + Level 5.2 Shields


You had 5 spell levels left.
You didn't know any spells.
Your spell library was empty.

Dungeon Overview and Level Annotations

Branches:
Dungeon (3/15)

Altars:

Annotations:
D:3 Ijyb


Innate Abilities, Weirdness & Mutations

You have a pair of horns on your head.
You reflexively headbutt those who attack you in melee.


Message History

You hit Ijyb but do no damage. Ijyb hits you with a +0 club. x2
You barely miss Ijyb. You headbutt Ijyb!
Ijyb is moderately wounded.
Ijyb zaps a wand.
The bolt of light hits you!
You are confused.
You hit Ijyb but do no damage.
Ijyb is moderately wounded.
Ijyb zaps a wand.
The bolt of light hits you!
You are more confused.
You bump into the rock wall.
Ijyb hits you with a +0 club.
You barely miss Ijyb.
Ijyb is moderately wounded.
Ijyb stops to check on her wand.
Ijyb hits you with a +0 club.
* * * LOW HITPOINT WARNING * * *
You hit Ijyb.
Ijyb is heavily wounded.
Ijyb hits you with a +0 club.
* * * LOW HITPOINT WARNING * * *
Ijyb hits you but does no damage.
Ijyb zaps a wand.
The bolt of light misses you.
You feel less confused. Ijyb hits you with a +0 club.
* * * LOW HITPOINT WARNING * * *
The gnoll bouda gazes fiercely through you!
You feel your attacks grow feeble.
Items here: ))) †.
You closely miss Ijyb.
Ijyb is heavily wounded.
Ijyb barely misses you.
You hit Ijyb but do no damage. You headbutt Ijyb, but do no damage.
Ijyb is heavily wounded.
The gnoll is no longer moving quickly.
Ijyb zaps a wand.
The bolt of light hits you!
* * * LOW HITPOINT WARNING * * *
You closely miss Ijyb. You headbutt Ijyb.
Ijyb is heavily wounded.
Ijyb completely misses you. Ijyb hits you with a +0 club.
You die...
Ijyb screams, "Time for next experiment!"

###....# ##......# #.......#
#.......+ #.......# #.....g.#
##+###g## #.# #g# #.# #@# #.#
#.################ #######.#
#.##.............#
#.......###.##.###########..
##...........##.# #....#..
#.........#..##.######.##.#..
#.........#..##.#............
#..~~~....#..##.#.####.#.##.#
##.~_~....#.....#.####.#....#


You could see Ijyb, a gnoll bouda and a gnoll.

Vanquished Creatures
  Sigmund (D:2)
  Natasha (twice) (D:2)
  4 gnolls (D:3)
  3 adders
  3 bats
  2 endoplasms (D:2)
  3 giant cockroaches
  6 goblins
  3 hobgoblins
  2 jackals (D:1)
  2 quokkas (D:1)
  5 ball pythons
  2 frilled lizards (D:2)
  4 kobolds
  7 rats
49 creatures vanquished.

Notes
Turn   | Place    | Note
-------+----------+-------------------------------------------
     0 | D:1      | DrKenneth the Minotaur Fighter began the quest for the Orb.
     0 | D:1      | Reached XP level 1. HP: 19/19 MP: 0/0
   179 | D:1      | Reached XP level 2. HP: 27/27 MP: 1/1
   670 | D:2      | Noticed Natasha
   676 | D:2      | Killed Natasha
   677 | D:2      | Reached XP level 3. HP: 26/33 MP: 2/2
   826 | D:2      | Noticed Sigmund
   833 | D:2      | Killed Sigmund
   834 | D:2      | Reached skill level 5 in Shields
   834 | D:2      | Reached XP level 4. HP: 21/41 MP: 3/3
   834 | D:2      | Reached XP level 5. HP: 24/47 MP: 4/4
  1065 | D:2      | Reached skill level 5 in Fighting
  1112 | D:2      | Reached skill level 5 in Armour
  1565 | D:2      | Noticed Natasha
  1573 | D:2      | Killed Natasha
  1675 | D:2      | Identified the +5 leather armour "Zimurip" {Str+4}
  2019 | D:3      | Reached XP level 6. HP: 56/56 MP: 5/5
  2136 | D:3      | Found a faded altar of an unknown god.
  2210 | D:3      | Noticed Ijyb
  2246 | D:3      | HP: 1/56 [Ijyb/bolt of light (11)]
  2247 | D:3      | Slain by Ijyb

Illustrated notes

Levels and vault maps discovered:
D:1:      dpeg_arrival_concentric_ovals, layout_basic
D:2:      layout_basic, uniq_natasha, uniq_sigmund
D:3:      layout_basic, hellmonk_ecumenical_altar_pennies_from_heaven, uniq_ijyb

Skill      XL: |  1  2  3  4  5 |
---------------+----------------+-----
Shields        | 4 5 |  5.2
Fighting       | 4 5 |  5.2
Axes           | 3 4 |  4.4
Armour         | 4 5 |  5.2

Action                     |  1- 3 |  4- 6 || total
---------------------------+-------+-------++-------
  Melee: War axe           |    45 |    58 ||   103
         Headbutt          |     6 |    10 ||    16
 Armour: Scale mail        |    31 |    45 ||    76
  Dodge: Dodged            |    23 |    18 ||    41
  Block: Buckler           |    11 |    20 ||    31

Table legend: (Time is in decaauts)
 A = Elapsed time spent in this place.
 B = Non-inter-level travel time spent in this place.
 C = Inter-level travel time spent in this place.
 D = Time resting spent in this place.
 E = Time spent auto-exploring this place.
 F = Levels seen in this place.
 G = Mean time per level.
                   A        B        C        D        E       F      G
               +--------+--------+--------+--------+--------+-----+--------+
         Total |   2292 |   2092 |    200 |    107 |   1657 |   3 |  764.0 |
       Dungeon |   2292 |   2092 |    200 |    107 |   1657 |   3 |  764.0 |
               +--------+--------+--------+--------+--------+-----+--------+

Top non-repeatable levels by time:
     D:2: 1179 daAuts
     D:1: 684 daAuts
     D:3: 428 daAuts
